 Dungeon Crawl Stone Soup version 0.26-a0-663-g36e8fdb655 (webtiles) character file.

Game seed: 2883955355740863884

53 Grim the Sneak (level 3, -4/16 HPs)
             Began as a Spriggan Enchanter on Oct 11, 2020.
             Slain by a hobgoblin
             ... wielding a +0 mace
              (5 damage)
             ... on level 2 of the Dungeon.
             The game lasted 00:05:07 (2350 turns).

Grim the Sneak (Spriggan Enchanter)                 Turns: 2350, Time: 00:05:07

Health: -4/16      AC:  2    Str:  4    XL:     3   Next: 62%
Magic:  5/8        EV: 18    Int: 17    God:
Gold:   129        SH:  0    Dex: 16    Spells: 4/7 levels left

rFire    . . .     SeeInvis +   g - +0 dagger (pain)
rCold    . . .     Faith    .   (shield restricted)
rNeg     . . .     Spirit   .   b - +0 robe
rPois    .         Reflect  .   (helmet restricted)
rElec    .         Harm     .   (no cloak)
rCorr    .         Rampage  .   (gloves unavailable)
MR       .....                  (boots unavailable)
Stlth    +++.......             (no amulet)
HPRegen  0.05/turn              (no ring)
MPRegen  0.11/turn              (no ring)

@: very quick
A: very small, unfitting armour, see invisible, speed 3
a: no special abilities


You were on level 2 of the Dungeon.
You visited 1 branch of the dungeon, and saw 2 of its levels.

You collected 129 gold pieces.

Inventory:

Hand Weapons
 a - a +1 dagger
 g - a +0 dagger of pain (weapon)
Armour
 b - a +0 robe (worn)
Jewellery
 f - an uncursed ring of magical power {unknown}
Scrolls
 d - 3 scrolls of magic mapping {unknown}
 h - a scroll of identify {unknown}
Potions
 c - 2 potions of curing {unknown}
 e - 2 potions of might {unknown}


   Skills:
 - Level 1.1 Short Blades
 - Level 3.0 Dodging
 - Level 4.9 Stealth
 - Level 2.6 Spellcasting
 - Level 4.0 Hexes
 * Level 2.1 Ice Magic


You had 4 spell levels left.
You knew the following spells:

 Your Spells              Type           Power        Failure   Level
a - Corona                Hex            ###....      3%          1
b - Ensorcelled Hibernat  Hex/Ice        ##....       8%          2

Your spell library contained the following spells:

 Spells                   Type           Power        Failure   Level
 Confusing Touch          Hex            ###.....     11%         3
 Tukima's Dance           Hex            ###.....     11%         3
 Dazzling Flash           Conj/Hex       #.....       24%         3


Dungeon Overview and Level Annotations

Branches:
Dungeon (2/15)

Altars:


Innate Abilities, Weirdness & Mutations

You are very small and have problems with some larger weapons.
You are too small for most types of armour.
You have supernaturally acute eyesight. (SInv)
You cover ground extremely quickly.


Message History

The hobgoblin looks drowsy...
The hobgoblin hits you with a +0 mace.
* * * LOW HITPOINT WARNING * * *
Casting: Ensorcelled Hibernation (safe; 8% risk of failure)
Confirm with . or Enter, or press ? or * to list all spells.
Aiming: Ensorcelled Hibernation (safe; 8% risk of failure)
Press: ? - help, Shift-Dir - straight line, f - you, p - hobgoblin That would be overly suicidal.
Okay, then.
Unknown command.
You hit the hobgoblin but do no damage.
The hobgoblin is heavily wounded.
The hobgoblin hits you with a +0 mace.
* * * LOW HITPOINT WARNING * * *
You barely miss the hobgoblin.
The hobgoblin is heavily wounded.
You completely miss the hobgoblin.
The hobgoblin is heavily wounded.
The hobgoblin hits you with a +0 mace.
You die...

####### ## ....... ..
....... .# ....... ###.#
...... #...##..
....##...... ## #g....#
.. #####.@...# .#
...#)....###.#
###.####.#####.....###.
#............)#.##....!
......................
###.####.##.#.#.##..####
..............#.# ..#...
#...........#.# ..#...
####....##...[.##..'..


You could see a hobgoblin (corona).

Vanquished Creatures
  An adder (D:2)
  An ooze (D:2)
  2 worms (D:2)
  A dart slug (D:1)
  A leopard gecko (D:1)
  2 ball pythons (D:2)
  4 bats
  3 giant cockroaches
  3 goblins
  A hobgoblin (D:1)
  2 jackals (D:2)
  5 kobolds
  2 frilled lizards
  A rat (D:1)
29 creatures vanquished.

Notes
Turn   | Place    | Note
-------+----------+-------------------------------------------
     0 | D:1      | Grim the Spriggan Enchanter began the quest for the Orb.
     0 | D:1      | Reached XP level 1. HP: 9/9 MP: 5/5
   767 | D:1      | Reached XP level 2. HP: 13/13 MP: 6/6
   771 | D:1      | Learned a level 2 spell: Ensorcelled Hibernation
  1204 | D:2      | Reached skill level 1 in Ice Magic
  1405 | D:2      | Reached XP level 3. HP: 14/16 MP: 4/8
  2350 | D:2      | Slain by a hobgoblin

Illustrated notes

Levels and vault maps discovered:
D:1:      dpeg_arrival_windows_large_door, layout_loops_ring
D:2:      layout_basic, minmay_heptomino_o4, uniq_terence, uniq_natasha,
          uniq_crazy_yiuf_cottage

Skill      XL: |  1  2  3 |
---------------+----------+-----
Hexes          | 4 |  4.0
Ice Magic      | 1 2 |  2.1
Short Blades   | |  1.1
Dodging        | |  3.0
Stealth        | |  4.9
Spellcasting   | |  2.6

Action                   || total
-------------------------++-------
Melee: Dagger            ||    84
 Cast: Corona            ||    19
       Ensorcelled Hiber ||    25
 Stab: Sleeping          ||    18
Armor: Robe              ||     9
Dodge: Dodged            ||    84

Table legend: (Time is in decaauts)
 A = Elapsed time spent in this place.
 B = Non-inter-level travel time spent in this place.
 C = Inter-level travel time spent in this place.
 D = Time resting spent in this place.
 E = Time spent auto-exploring this place.
 F = Levels seen in this place.
 G = Mean time per level.
                   A        B        C        D        E       F      G
               +--------+--------+--------+--------+--------+-----+--------+
         Total |   1963 |   1934 |     29 |   1172 |    408 |   2 |  981.5 |
       Dungeon |   1963 |   1934 |     29 |   1172 |    408 |   2 |  981.5 |
               +--------+--------+--------+--------+--------+-----+--------+

Top non-repeatable levels by time:
     D:1: 1313 daAuts
     D:2: 650 daAuts
